 Dungeon Crawl Stone Soup version 0.30.0-3-ga4e48a9924 (webtiles) character file.

Game seed: 3867455376505497438

105 Mahakala the Shield-Bearer (level 4, -4/28 HPs)
             Began as a Gargoyle Fighter on May 7, 2023.
             Splashed by a jelly's acid (8 damage)
             ... on level 2 of the Dungeon.
             The game lasted 00:04:44 (1409 turns).

Mahakala the Shield-Bearer (Gargoyle Fighter)       Turns: 1409, Time: 00:04:44

Health: -4/28      AC:  2    Str: 24    XL:     4   Next: 83%
Magic:  4/4        EV:  9    Int:  8    God:
Gold:   76         SH:  4    Dex:  9    Spells: 3/3 levels left

rFire   . . .        a - +0 flail
rCold   + . .        c - +0 buckler
rNeg    + . .        b - +0 scale mail
rPois   ∞            (no helmet)
rElec   +            (no cloak)
rCorr   .            (no gloves)
SInv    .            (no boots)
Will    .....        (no amulet) Stlth
                     o - ring "Inonedad" {rElec rPois rC+ Str+2}
HPRegen 0.24/turn    (no ring)
MPRegen 0.09/turn

%: no passive effects
@: corroded
A: sickness immunity, AC +3, negative energy resistance 1, electricity
resistance, torment resistance 1, petrification resistance
a: no special abilities


You were on level 2 of the Dungeon.
You visited 1 branch of the dungeon, and saw 2 of its levels.

You collected 76 gold pieces.

Inventory:

Hand Weapons
 a - a +0 flail (weapon)
Missiles
 k - 20 stones (quivered)
Armour
 b - a +0 scale mail (worn)
 c - a +0 buckler (worn)
Jewellery
 o - the ring "Inonedad" (left hand) {rElec rPois rC+ Str+2}
   (You found it on level 2 of the Dungeon)

   [ring of protection from cold]

   Str:       It affects your strength (+2).
   rC:        It protects you from cold.
   rElec:     It insulates you from electricity.
   rPois:     It protects you from poison.
Wands
 d - a wand of iceblast (11)
Scrolls
 e - a scroll of brand weapon {unknown}
 g - a scroll of fog {unknown}
 i - a scroll of noise {unknown}
 l - a scroll of teleportation {unknown}
 m - a scroll of vulnerability {unknown}
Potions
 f - 2 potions of magic {unknown}
 h - a potion of curing {unknown}
 j - 2 potions of brilliance {unknown}
 n - a potion of might


   Skills:
 - Level 3.2 Fighting
 * Level 4.1 Maces & Flails
 - Level 3.2 Armour
 + Level 4.2 Shields


You had 3 spell levels left.
You didn't know any spells.
Your spell library was empty.

Dungeon Overview and Level Annotations

Branches:
Dungeon (2/15)

Altars:


Innate Abilities, Weirdness & Mutations

You are immune to sickness and miasma.
Your stone body is resilient. (AC +3)
You are immune to poison.
You resist negative energy. (rN+)
You are resistant to electric shocks. (rElec)
You are resistant to unholy torment.
You are immune to petrification.


Message History

You sock the jelly!
You kill the jelly!
Your Maces & Flails skill increases to level 4!
You barely miss the endoplasm. The endoplasm closely misses you.
You completely miss the endoplasm. The endoplasm completely misses you.
The endoplasm barely misses you.
You hit the endoplasm.
You kill the endoplasm!
You hit the endoplasm.
The endoplasm is almost dead.
The endoplasm freezes you.
You are frozen.
You resist.
You hit the endoplasm.
You kill the endoplasm!
You start resting.
HP restored.
There is an open gate here.
You see here a +0 short sword.
The endoplasm quivers.
The endoplasm quivers.
The jelly quivers.
The jelly hits you. The acid corrodes you!
You are splashed with acid!
There is an open door here.
You hit the jelly.
Your hands burn!
* * * LOW HITPOINT WARNING * * *
The jelly is moderately wounded.
The jelly hits you but does no damage.
Press: ? - help, v - describe, . - travel
Here: a jelly (moderately wounded)
The floor.
You are too injured to fight recklessly!
You are too injured to fight recklessly!
You hit the jelly.
Your hands burn!
* * * LOW HITPOINT WARNING * * *
The jelly is severely wounded.
The jelly hits you but does no damage. The endoplasm hits you.
* * * LOW HITPOINT WARNING * * *
The jelly hits you.
* * * LOW HITPOINT WARNING * * *
The acid corrodes you!
You are splashed with acid!
You die...

### #######.##..÷..?#
#####....#.#.#....÷.#
#.##.....#.#)#......#
###.'......#.#.#..P.P.#
#...'........#.#......#
#.#.'........#.#....P.#
##.#.##.......#.#J...÷.#
....####......##@JJ.PP.#
###)# ##########.÷....#
# #)# ####### # #.#
#...# #.#.### ###....
##......# ..........


You could see a jelly and 2 endoplasms.

Vanquished Creatures
  A jelly (D:2)
  Jessica (D:2)
  An adder (D:2)
  A ball python (D:1)
  4 endoplasms (D:2)
  A giant cockroach (D:1)
  5 goblins
  2 hobgoblins
  10 kobolds
  A quokka (D:1)
  3 bats
  A frilled lizard (D:2)
  3 rats (D:1)
34 creatures vanquished.

Vanquished Creatures (others)
  2 fungi (D:2)
  9 toadstools (D:2)
11 creatures vanquished.

Grand Total: 45 creatures vanquished

Notes
Turn   | Place    | Note
-------+----------+-------------------------------------------
     0 | D:1      | Mahakala the Gargoyle Fighter began the quest for the Orb.
     0 | D:1      | Reached XP level 1. HP: 14/14 MP: 1/1
   416 | D:1      | Reached XP level 2. HP: 19/19 MP: 2/2
   956 | D:2      | Noticed Jessica
  1047 | D:2      | Reached XP level 3. HP: 23/23 MP: 3/3
  1179 | D:2      | Killed Jessica
  1180 | D:2      | Reached XP level 4. HP: 18/28 MP: 4/4
  1294 | D:2      | Identified the ring "Inonedad" {rElec rPois rC+ Str+2}
  1409 | D:2      | Splashed by a jelly's acid

Illustrated notes

Levels and vault maps discovered:
D:1:      sevenhm_arrival_forest_fort_small_5, layout_basic,
          minmay_misc_feat_chi, minmay_cut_off
D:2:      cheibrodos_fertilizer, layout_basic, uniq_crazy_yiuf_cottage,
          uniq_robin, uniq_terence, uniq_jessica

Skill      XL: |  1  2  3  4 |
---------------+-------------+-----
Maces & Flails | 3 4 |  4.1
Shields        | 4 |  4.2
Fighting       | |  3.2
Armour         | |  3.2

Action                     |  1- 3 |  4- 6 || total
---------------------------+-------+-------++-------
  Melee: Flail             |    69 |    27 ||    96
 Armour: Scale mail        |    30 |    15 ||    45
  Dodge: Dodged            |    26 |    11 ||    37
  Block: Buckler           |    17 |       ||    17
